BLB
TORONTO CANADIANS @ INDIANAPOLIS CLOWNS
07/31/2059
 
TOP OF THE 1ST
Toronto Canadians batting - Pitching for Indianapolis Clowns : RHP Garrick Tso
Pitching: RHP Garrick Tso
Batting: LHB Chase Calhoun 0-0: Ball
1-0: Foul Ball, location: 2F
1-1: Ball
2-1: Foul Ball, location: 2F
2-2: SINGLE (Groundball, 4MD, EV 109.4 MPH)
Batting: RHB Olin Keele 0-0: Ball
Chase Calhoun steals 2nd base
1-0: Ball
2-0: Foul Ball, location: 2F
2-1: Ball
3-1: TRIPLE (Line Drive, 89XD, EV 103.1 MPH)
Chase Calhoun scores
Batting: LHB Brian Wheat 0-0: Ball
1-0: Foul Ball, location: 2F
1-1: Foul Ball, location: 2F
1-2: Strikes out looking
Batting: LHB Kelvin Kenney 0-0: Called Strike
0-1: Called Strike
0-2: Strikes out swinging
Batting: LHB Cory Petit 0-0: Called Strike
0-1: Swinging Strike
0-2: Ball
1-2: Foul Ball, location: 2F
1-2: Ball
2-2: SINGLE (Line Drive, 5D, EV 97.5 MPH)
Olin Keele scores
Batting: LHB Romeo Nester 0-0: Ball
1-0: Called Strike
1-1: Ground out 5-3 (Groundball, 56S, EV 85.0 MPH)
Top of the 1st over - 2 runs, 3 hits, 0 errors, 1 left on base; Toronto 2 - Indianapolis 0
BOTTOM OF THE 1ST
Indianapolis Clowns batting - Pitching for Toronto Canadians : LHP Zane Hastings
Pitching: LHP Zane Hastings
Batting: RHB Bryant Francis 0-0: Ball
1-0: Foul Ball, location: 2F
1-1: Swinging Strike
1-2: Fly out, F9 (Flyball, 89S, EV 91.9 MPH)
Batting: RHB Tom Holderness 0-0: Ball
1-0: Foul Ball, location: 2F
1-1: Foul Ball, location: 2F
1-2: Strikes out looking
Batting: RHB Jett Speer 0-0: Called Strike
0-1: Ball
1-1: Ball
2-1: Foul Ball, location: 2F
2-2: Foul Ball, location: 2F
2-2: Foul Ball, location: 2F
2-2: SOLO HOME RUN (Flyball, 89XD, EV 106.2 MPH), Distance : 399 ft
Batting: RHB Lee Vincent 0-0: Foul Ball, location: 2F
0-1: Foul Ball, location: 2F
0-2: Foul Ball, location: 2F
0-2: Foul Ball, location: 2F
0-2: Ball
1-2: SINGLE (Line Drive, 34D, EV 106.9 MPH)
Batting: LHB Sean Hayward 0-0: Ground out 4-3 (Groundball, 4, EV 86.9 MPH)
Bottom of the 1st over - 1 run, 2 hits, 0 errors, 1 left on base; Toronto 2 - Indianapolis 1
TOP OF THE 2ND
Toronto Canadians batting - Pitching for Indianapolis Clowns : RHP Garrick Tso
Batting: LHB David Mitchell 0-0: Swinging Strike
0-1: Foul Ball, location: 2F
0-2: SINGLE (Flyball, 89S, EV 91.9 MPH)
Batting: RHB Keon Pryor 0-0: Swinging Strike
0-1: Swinging Strike
0-2: Strikes out swinging
Batting: LHB Braden Tallman 0-0: Called Strike
David Mitchell steals 2nd base
0-1: TRIPLE (Flyball, 8RXD, EV 96.2 MPH)
David Mitchell scores
Batting: LHB Chase Calhoun 0-0: Ball
1-0: Ball
2-0: Called Strike
2-1: Ball
3-1: Foul Ball, location: 2F
3-2: Foul Ball, location: 2F
3-2: Reached on error, E3 (Groundball, 3, EV 81.2 MPH)
Braden Tallman scores
Batting: RHB Olin Keele 0-0: Ball
Chase Calhoun steals 2nd base (no throw)
1-0: Fly out, F9 (Line Drive, 9, EV 104.4 MPH)
Batting: LHB Brian Wheat 0-0: Ball
1-0: Ball
2-0: Foul Ball, location: 2F
2-1: 2-RUN HOME RUN (Flyball, 9D, EV 96.2 MPH), Distance : 389 ft
Batting: LHB Kelvin Kenney 0-0: Ball
1-0: Foul Ball, location: 2F
1-1: Ball
2-1: Foul Ball, location: 2F
2-2: Foul Ball, location: 2F
2-2: SINGLE (Flyball, 8LS, EV 90.0 MPH)
Batting: LHB Cory Petit 0-0: Foul Ball, location: 2F
0-1: Ball
1-1: Fielders Choice at 2nd, 6-4 (Groundball, 6, EV 89.4 MPH)
Top of the 2nd over - 4 runs, 4 hits, 1 error, 1 left on base; Toronto 6 - Indianapolis 1
BOTTOM OF THE 2ND
Indianapolis Clowns batting - Pitching for Toronto Canadians : LHP Zane Hastings
Batting: LHB Elias Owen 0-0: Ball
1-0: Called Strike
1-1: Ball
2-1: SINGLE (Line Drive, 89M, EV 100.6 MPH)
Batting: RHB Centarius Lara 0-0: Swinging Strike
0-1: Swinging Strike
0-2: Strikes out looking
Batting: RHB Jared Bradley 0-0: Ball
1-0: Called Strike
1-1: Foul Ball, location: 2F
1-2: Strikes out swinging
Batting: RHB Blaise McFarland 0-0: Ball
Elias Owen is caught stealing 2nd base 2-4
Bottom of the 2nd over - 0 runs, 1 hit, 0 errors, 0 left on base; Toronto 6 - Indianapolis 1
TOP OF THE 3RD
Toronto Canadians batting - Pitching for Indianapolis Clowns : RHP Garrick Tso
Pitching: RHP Joey Fleury
Batting: LHB Romeo Nester 0-0: Ball
1-0: Called Strike
1-1: Ball
2-1: Fly out, F7 (Flyball, 7D, EV 102.5 MPH)
Batting: LHB David Mitchell 0-0: Called Strike
0-1: Ball
1-1: Ground out 4-3 (Groundball, 4S, EV 66.2 MPH)
Batting: RHB Keon Pryor 0-0: DOUBLE (Flyball, 89XD, EV 105.0 MPH)
Batting: LHB Braden Tallman 0-0: Swinging Strike
0-1: Swinging Strike
0-2: Foul Ball, location: 2F
0-2: Ball
1-2: Foul Ball, location: 2F
1-2: Foul Ball, location: 2F
1-2: Ball
2-2: Strikes out swinging
Top of the 3rd over - 0 runs, 1 hit, 0 errors, 1 left on base; Toronto 6 - Indianapolis 1
BOTTOM OF THE 3RD
Indianapolis Clowns batting - Pitching for Toronto Canadians : LHP Zane Hastings
Batting: RHB Blaise McFarland 0-0: Called Strike
0-1: Ground out 6-3 (Groundball, 6, EV 93.1 MPH)
Batting: RHB Bryant Francis 0-0: Called Strike
0-1: DOUBLE (Flyball, 78XD, EV 104.4 MPH)
Batting: RHB Tom Holderness 0-0: Called Strike
0-1: Called Strike
0-2: SINGLE (Line Drive, 78S, EV 109.4 MPH)
Bryant Francis to third
Batting: RHB Jett Speer 0-0: Ball
1-0: Swinging Strike
1-1: Foul Ball, location: 2F
1-2: Ball
2-2: Foul Ball, location: 2F
2-2: SINGLE (Groundball, 3D, EV 98.8 MPH)
Bryant Francis scores
Tom Holderness to second
Runner from 2nd tries for 3rd, SAFE, throw by RF made to third
Batting: RHB Lee Vincent 0-0: Ball
1-0: Swinging Strike
1-1: Ball
2-1: Called Strike
2-2: Strikes out swinging
Batting: LHB Sean Hayward 0-0: Ball
1-0: Called Strike
1-1: Foul Ball, location: 2F
1-2: Ball
2-2: SINGLE (Line Drive, 89M, EV 101.2 MPH)
Tom Holderness scores
Jett Speer to second
Batting: LHB Elias Owen 0-0: Swinging Strike
0-1: Swinging Strike
0-2: Ball
1-2: Strikes out looking
Bottom of the 3rd over - 2 runs, 4 hits, 0 errors, 2 left on base; Toronto 6 - Indianapolis 3
TOP OF THE 4TH
Toronto Canadians batting - Pitching for Indianapolis Clowns : RHP Joey Fleury
Batting: LHB Chase Calhoun 0-0: Ball
1-0: Swinging Strike
1-1: Ball
2-1: Ball
3-1: Base on Balls
Batting: RHB Olin Keele 0-0: Foul Ball, location: 2F
0-1: Called Strike
0-2: Grounds into double play, 4-6-3 (Groundball, 4, EV 87.5 MPH)
Pitching: RHP Cooper Welsh
Batting: LHB Brian Wheat 0-0: Foul Ball, location: 2F
0-1: Ball
1-1: Ball
2-1: Swinging Strike
2-2: TRIPLE (Line Drive, 8RXD, EV 108.8 MPH)
Batting: LHB Kelvin Kenney 0-0: Ball
1-0: Foul Ball, location: 2F
1-1: DOUBLE (Line Drive, 78M, EV 107.5 MPH)
Brian Wheat scores
Batting: LHB Cory Petit 0-0: Called Strike
0-1: Foul Ball, location: 2F
0-2: Foul Ball, location: 2F
0-2: Foul Ball, location: 2F
0-2: Strikes out looking
Top of the 4th over - 1 run, 2 hits, 0 errors, 1 left on base; Toronto 7 - Indianapolis 3
BOTTOM OF THE 4TH
Indianapolis Clowns batting - Pitching for Toronto Canadians : LHP Zane Hastings
Batting: RHB Centarius Lara 0-0: Ball
1-0: Foul Ball, location: 2F
1-1: Ball
2-1: Ball
3-1: Called Strike
3-2: Foul Ball, location: 2F
3-2: Ground out 6-3 (Groundball, 56, EV 78.8 MPH)
Batting: RHB Jared Bradley 0-0: Called Strike
0-1: Foul Ball, location: 2F
0-2: Strikes out swinging
Batting: RHB Blaise McFarland 0-0: Ball
1-0: Ball
2-0: Called Strike
2-1: Foul Ball, location: 2F
2-2: Strikes out looking
Bottom of the 4th over - 0 runs, 0 hits, 0 errors, 0 left on base; Toronto 7 - Indianapolis 3
TOP OF THE 5TH
Toronto Canadians batting - Pitching for Indianapolis Clowns : RHP Cooper Welsh
Batting: LHB Romeo Nester 0-0: Ball
1-0: Foul Ball, location: 2F
1-1: Ground out U3 (Groundball, 3S, EV 87.5 MPH)
Batting: LHB David Mitchell 0-0: Ball
1-0: Ball
2-0: Ball
3-0: Called Strike
3-1: Foul Ball, location: 2F
3-2: Ground out 3-1 (Groundball, 34S, EV 84.4 MPH)
Batting: RHB Keon Pryor 0-0: Swinging Strike
0-1: Foul Ball, location: 2F
0-2: Ball
1-2: Strikes out looking
Top of the 5th over - 0 runs, 0 hits, 0 errors, 0 left on base; Toronto 7 - Indianapolis 3
BOTTOM OF THE 5TH
Indianapolis Clowns batting - Pitching for Toronto Canadians : LHP Zane Hastings
Batting: RHB Bryant Francis 0-0: Ball
1-0: Ball
2-0: Ball
3-0: Called Strike
3-1: Base on Balls
Batting: RHB Tom Holderness 0-0: Ball
1-0: SINGLE (Groundball, 56D, EV 94.4 MPH)
Bryant Francis to second
Batting: RHB Jett Speer 0-0: Called Strike
0-1: Fly out, F8 (Flyball, 78D, EV 78.8 MPH)
Batting: RHB Lee Vincent 0-0: Swinging Strike
0-1: Foul Ball, location: 2F
0-2: Foul Ball, location: 2F
0-2: Foul Ball, location: 2F
0-2: Ball
1-2: Strikes out swinging
Batting: LHB Sean Hayward Balk!
Bryant Francis to third
Tom Holderness to second
0-0: Called Strike
0-1: Ball
1-1: Ball
2-1: Swinging Strike
2-2: Foul Ball, location: 2F
2-2: Foul Ball, location: 2F
2-2: Foul Ball, location: 2F
2-2: Ball
3-2: Strikes out looking
Bottom of the 5th over - 0 runs, 1 hit, 0 errors, 2 left on base; Toronto 7 - Indianapolis 3
TOP OF THE 6TH
Toronto Canadians batting - Pitching for Indianapolis Clowns : RHP Cooper Welsh
Batting: LHB Braden Tallman 0-0: Called Strike
0-1: Swinging Strike
0-2: SINGLE (Flyball, 89S, EV 91.9 MPH)
Batting: LHB Chase Calhoun 0-0: Ball
1-0: Foul Ball, location: 2F
1-1: Called Strike
1-2: Ball
2-2: Strikes out swinging
Batting: RHB Olin Keele 0-0: Ball
1-0: Swinging Strike
1-1: Called Strike
1-2: Ball
2-2: Ball
3-2: Strikes out swinging
Batting: LHB Brian Wheat 0-0: Ball
1-0: Ball
Braden Tallman steals 2nd base
2-0: Foul Ball, location: 2F
2-1: Foul Ball, location: 2F
2-2: Foul Ball, location: 2F
2-2: Ground out U3 (Groundball, 34, EV 102.5 MPH)
Top of the 6th over - 0 runs, 1 hit, 0 errors, 1 left on base; Toronto 7 - Indianapolis 3
BOTTOM OF THE 6TH
Indianapolis Clowns batting - Pitching for Toronto Canadians : LHP Zane Hastings
Batting: LHB Elias Owen 0-0: Foul Ball, location: 2F
0-1: Ball
1-1: Ball
2-1: Swinging Strike
2-2: Strikes out looking
Batting: RHB Centarius Lara 0-0: Foul Ball, location: 2F
0-1: Ball
1-1: Called Strike
1-2: SOLO HOME RUN (Flyball, 78XD, EV 114.4 MPH), Distance : 429 ft
Batting: RHB Jared Bradley 0-0: Ball
1-0: Called Strike
1-1: Ground out 4-3 (Groundball, 4M, EV 86.9 MPH)
Batting: RHB Blaise McFarland 0-0: Ball
1-0: Ground out 5-3 (Groundball, 56S, EV 70.0 MPH)
Bottom of the 6th over - 1 run, 1 hit, 0 errors, 0 left on base; Toronto 7 - Indianapolis 4
TOP OF THE 7TH
Toronto Canadians batting - Pitching for Indianapolis Clowns : RHP Cooper Welsh
Pitching: RHP Kristofer Humberto
Batting: LHB Kelvin Kenney 0-0: Ball
1-0: Ball
2-0: Called Strike
2-1: Foul Ball, location: 2F
2-2: Foul Ball, location: 2F
2-2: Ball
3-2: SINGLE (Groundball, 25, EV 71.9 MPH) (infield hit)
Batting: LHB Cory Petit 0-0: Foul Ball, location: 2F
0-1: Ball
1-1: Swinging Strike
1-2: Strikes out swinging
Batting: LHB Romeo Nester 0-0: Called Strike
0-1: Ball
1-1: SINGLE (Groundball, 34D, EV 102.5 MPH)
Kelvin Kenney to second
Throwing error, E9
Kelvin Kenney scores
Romeo Nester to second
Batting: LHB David Mitchell 0-0: Called Strike
0-1: Ball
1-1: Ball
2-1: Foul Ball, location: 2F
2-2: Foul Ball, location: 2F
2-2: Ball
3-2: Base on Balls
Batting: RHB Keon Pryor 0-0: Foul Ball, location: 2F
0-1: Swinging Strike
0-2: Ball
1-2: Fly out, F9 (Line Drive, 9, EV 97.5 MPH)
Pitching: LHP Denver Benson
Batting: LHB Braden Tallman 0-0: Called Strike
0-1: Called Strike
0-2: Ball
1-2: Strikes out swinging
Top of the 7th over - 1 run, 2 hits, 1 error, 2 left on base; Toronto 8 - Indianapolis 4
BOTTOM OF THE 7TH
Indianapolis Clowns batting - Pitching for Toronto Canadians : LHP Zane Hastings
Batting: RHB Bryant Francis 0-0: Foul Ball, location: 2F
0-1: Called Strike
0-2: Foul Ball, location: 2F
0-2: Foul Ball, location: 2F
0-2: Foul Ball, location: 2F
0-2: Ball
1-2: Ball
2-2: Ball
3-2: Foul Ball, location: 2F
3-2: Fly out, F7 (Flyball, 78S, EV 88.8 MPH)
Pitching: RHP Jayden Lemley
Batting: RHB Tom Holderness 0-0: Ball
1-0: Ball
2-0: Ball
3-0: SINGLE (Groundball, 25, EV 75.0 MPH) (infield hit)
Batting: RHB Jett Speer 0-0: Called Strike
0-1: Ball
1-1: Ball
2-1: Ball
3-1: Foul Ball, location: 2F
3-2: Fly out, F8 (Flyball, 8LD, EV 83.1 MPH)
Batting: RHB Lee Vincent 0-0: Ball
1-0: Ball
2-0: Called Strike
2-1: Foul Ball, location: 2F
2-2: Ground out 5-3 (Groundball, 5S, EV 67.5 MPH)
Bottom of the 7th over - 0 runs, 1 hit, 0 errors, 1 left on base; Toronto 8 - Indianapolis 4
TOP OF THE 8TH
Toronto Canadians batting - Pitching for Indianapolis Clowns : LHP Denver Benson
Batting: LHB Chase Calhoun 0-0: Called Strike
0-1: Swinging Strike
0-2: Strikes out swinging
Batting: RHB Olin Keele 0-0: Called Strike
0-1: Fly out, F9 (Flyball, 89M, EV 78.8 MPH)
Batting: LHB Brian Wheat 0-0: Foul Ball, location: 2F
0-1: Foul Ball, location: 2F
0-2: Fly out, F9 (Flyball, 9, EV 85.6 MPH)
Top of the 8th over - 0 runs, 0 hits, 0 errors, 0 left on base; Toronto 8 - Indianapolis 4
BOTTOM OF THE 8TH
Indianapolis Clowns batting - Pitching for Toronto Canadians : RHP Jayden Lemley
Batting: LHB Sean Hayward 0-0: Called Strike
0-1: Foul Ball, location: 2F
0-2: Ball
1-2: Foul Ball, location: 2F
1-2: Ball
2-2: Strikes out looking
Batting: LHB Elias Owen 0-0: Foul Ball, location: 2F
0-1: Foul Ball, location: 2F
0-2: Ball
1-2: Ball
2-2: Strikes out swinging
Batting: RHB Centarius Lara 0-0: Ball
1-0: Swinging Strike
1-1: SOLO HOME RUN (Flyball, 78XD, EV 115.0 MPH), Distance : 434 ft
Batting: RHB Jared Bradley 0-0: Ball
1-0: Ball
2-0: Swinging Strike
2-1: Ball
3-1: Swinging Strike
3-2: Strikes out swinging
Bottom of the 8th over - 1 run, 1 hit, 0 errors, 0 left on base; Toronto 8 - Indianapolis 5
TOP OF THE 9TH
Toronto Canadians batting - Pitching for Indianapolis Clowns : LHP Denver Benson
Batting: LHB Kelvin Kenney 0-0: Foul Ball, location: 2F
0-1: Ball
1-1: SINGLE (Groundball, 34D, EV 100.0 MPH)
Batting: LHB Cory Petit 0-0: Ball
1-0: SINGLE (Groundball, 4MD, EV 98.8 MPH)
Kelvin Kenney to second
Batting: LHB Romeo Nester 0-0: Ball
1-0: Called Strike
1-1: Ball
2-1: Swinging Strike
2-2: Strikes out swinging
Batting: LHB David Mitchell 0-0: Foul Ball, location: 2F
0-1: Foul Ball, location: 2F
0-2: Strikes out swinging
Batting: RHB Keon Pryor 0-0: Called Strike
0-1: Swinging Strike
0-2: Ground out 6-3 (Groundball, 6S, EV 87.5 MPH)
Top of the 9th over - 0 runs, 2 hits, 0 errors, 2 left on base; Toronto 8 - Indianapolis 5
BOTTOM OF THE 9TH
Indianapolis Clowns batting - Pitching for Toronto Canadians : RHP Jayden Lemley
Pitching: RHP Brian Clark
Now at 3B: Odell Mapute
Now in LF: Reese Bowman
Batting: RHB Blaise McFarland 0-0: Called Strike
0-1: Swinging Strike
0-2: Strikes out swinging
Batting: RHB Bryant Francis 0-0: Swinging Strike
0-1: Foul Ball, location: 2F
0-2: Ball
1-2: Ball
2-2: Ball
3-2: Strikes out looking
Batting: RHB Tom Holderness 0-0: Called Strike
0-1: Called Strike
0-2: Strikes out swinging
Bottom of the 9th over - 0 runs, 0 hits, 0 errors, 0 left on base; Toronto 8 - Indianapolis 5
Tuesday, March 19th , 2024 - OOTP Baseball 23.10 Build 110